 Dungeon Crawl Stone Soup version 0.32-a0-441-gaf4921d101 (webtiles) character file.

Game seed: 17359820559302896228

183 Gargoyl the Trooper (level 5, 0/34 HPs)
             Began as a Gargoyle Berserker on Feb 22, 2024.
             Was a Follower of Trog.
             Slain by an orc
             ... wielding a +0 mace
              (4 damage)
             ... on level 3 of the Dungeon on Feb 23, 2024.
             The game lasted 00:02:27 (1452 turns).

Gargoyl the Trooper (Gargoyle Berserker)            Turns: 1452, Time: 00:02:28

Health: 0/34       AC: 15    Str: 21    XL:     5   Next: 62%
Magic:  5/5        EV:  8    Int:  7    God:    Trog [*.....]
Gold:   125        SH:  0    Dex: 11    Spells: 4/4 levels left

rFire   . . .        a - +0 hand axe
rCold   . . .        (no shield)
rNeg    + . .        k - +0 chain mail
rPois   ∞            n - +0 helmet
rElec   +            m - +0 cloak
rCorr   .            (no gloves)
SInv    +            (no boots)
Will    .....        (no amulet) Stlth
                     e - ring of see invisible
HPRegen 0.25/turn    (no ring)
MPRegen 0.09/turn

%: no passive effects
@: on berserk cooldown, attractive, slowed, very slow
A: sickness immunity, AC +4, negative energy resistance 1, electricity
resistance, torment resistance 1, petrification resistance
a: Renounce Religion, Berserk


You were on level 3 of the Dungeon.
You worshipped Trog.
Trog was aware of your devotion.
You visited 1 branch of the dungeon, and saw 3 of its levels.

You collected 125 gold pieces.

Inventory:

Hand Weapons
 a - a +0 hand axe (weapon)
Missiles
 d - 2 poisoned darts (quivered)
Armour
 k - a +0 chain mail (worn)
 m - a +0 cloak (worn)
 n - a +0 helmet (worn)
Jewellery
 e - a ring of see invisible (left hand)
Scrolls
 b - 2 scrolls of identify {unknown}
 g - a scroll of enchant weapon {unknown}
 h - a scroll of acquirement {unknown}
 j - 2 scrolls of teleportation {unknown}
 l - a scroll of poison {unknown}
Potions
 c - a potion of might {unknown}
 f - a potion of attraction
 i - 2 potions of heal wounds {unknown}
 o - a potion of mutation {unknown}


   Skills:
 + Level 4.4 Fighting
 + Level 4.2 Axes
 + Level 2.5 Armour
 + Level 2.2 Dodging
 + Level 1.3 Stealth


You had 4 spell levels left.
You didn't know any spells.
Your spell library was empty.

Dungeon Overview and Level Annotations

Branches:
Dungeon (3/15)

Altars:
Gozag

Annotations:
D:3 Grinder


Innate Abilities, Weirdness & Mutations

You are immune to sickness and miasma.
Your stone body is resilient. (AC +4)
You are immune to poison.
You resist negative energy. (rN+)
You are resistant to electric shocks. (rElec)
You are resistant to unholy torment.
You are immune to petrification.


Message History

The orc priest is severely wounded.
You barely miss Grinder. You hit the orc but do no damage.
The orc priest hits you but does no damage.
Grinder hits you but does no damage. The orc hits you but does no damage.
Grinder hits you but does no damage.
The orc wizard points at you and mumbles some strange words.
The magic dart hits you but does no damage.
The orc priest hits you but does no damage.
You hit the orc priest.
The orc priest is almost dead.
You closely miss Grinder. You hit the orc but do no damage.
You closely miss the orc wizard.
Your skin stops crawling.
You feel less strong-willed. The orc hits you but does no damage.
The orc priest calls upon Beogh to heal the orc.
The orc's wounds heal themselves!
The orc wizard hits you but does no damage.
Grinder hits you.
The orc wizard hits you but does no damage.
Grinder hits you! The orc hits you with a +0 mace.
The orc priest hits you but does no damage.
You hit the orc priest.
You kill the orc priest!
Trog accepts your kill.
You hit the orc but do no damage. You barely miss the orc wizard.
You barely miss Grinder. The orc wizard barely misses you.
The orc hits you with a +0 mace.
Grinder says, "Just stop there for a second..."
Grinder hits you.
You writhe in agony.
The orc hits you but does no damage. The orc wizard closely misses you.
Grinder attacks as she pursues you! Grinder hits you but does no damage.
The orc wizard barely misses you. The orc hits you with a +0 mace.
Grinder hits you!
* * * LOW HITPOINT WARNING * * *
Things that are here:
a +0 club; a +0 leather armour; an orc corpse It was a potion of attraction.
You feel attractive to monsters. The orc wizard closely misses you.
The orc hits you with a +0 mace.
You die...

#.# #.........
###.#
#.........
##$$$#
###.##...†..
#.$_$#
#....#####...
#.$$$# #..#..#
#.#.
#..#.##..#..##
#.##
##...#..##.#
#.# ###5o.# #.
#.# #@o## #.
#.# #..# #.##
#.## #... ..<
#... ..#
#####... ##.#
#....... #.#
#.###... ...
#... #...


You could see Grinder, an orc wizard and an orc.

Vanquished Creatures
  An orc priest (D:3)
  Crazy Yiuf (D:2)
  Terence (D:2)
  Natasha (D:3)
  2 adders (D:2)
  2 orcs (D:3)
  3 bats
  An endoplasm (D:3)
  A giant cockroach (D:2)
  2 goblins
  2 hobgoblins
  3 jackals (D:1)
  A quokka (D:1)
  5 ball pythons
  2 frilled lizards
  6 kobolds
  6 rats
40 creatures vanquished.

Notes
Turn   | Place    | Note
-------+----------+-------------------------------------------
     0 | D:1      | Gargoyl the Gargoyle Berserker began the quest for the Orb.
     0 | D:1      | Reached XP level 1. HP: 14/14 MP: 1/1
   176 | D:1      | Reached XP level 2. HP: 19/19 MP: 2/2
   412 | D:1      | Found a faded altar of an unknown god.
   412 | D:1      | Noticed a shadow demon
   550 | D:1      | Reached XP level 3. HP: 19/24 MP: 3/3
   791 | D:2      | Noticed Terence
   800 | D:2      | Killed Terence
   801 | D:2      | Reached XP level 4. HP: 29/29 MP: 4/4
  1019 | D:2      | Reached skill level 1 in Stealth
  1045 | D:2      | Found a runed translucent door.
  1046 | D:2      | Noticed Crazy Yiuf
  1276 | D:2      | Killed Crazy Yiuf
  1277 | D:2      | Reached XP level 5. HP: 33/33 MP: 3/5
  1323 | D:3      | Upgraded the game from 0.32-a0-427-g448f42529f to
                  | 0.32-a0-441-gaf4921d101
  1381 | D:3      | Noticed Natasha
  1387 | D:3      | Reached ** piety under Trog
  1388 | D:3      | Killed Natasha
  1419 | D:3      | Found an opulent altar of Gozag.
  1424 | D:3      | Noticed Grinder
  1426 | D:3      | Paralysed by Grinder for 5 turns
  1452 | D:3      | Slain by an orc

Illustrated notes

Levels and vault maps discovered:
D:1:      minmay_arrival_four_circles, layout_loops_ring,
          dreamdust_ecumenical_altar_sealed_demon
D:2:      layout_basic, uniq_crazy_yiuf_cottage, uniq_terence
D:3:      layout_rooms, nicolae_kikubaaqudgha_miasma_corner,
          nicolae_gozag_seed_capital, minmay_increasing_density, uniq_natasha,
          uniq_grinder

Skill      XL: |  1  2  3  4 |
---------------+-------------+-----
Axes           | 3 4 |  4.2
Fighting       | 4 |  4.4
Dodging        | 2 |  2.2
Stealth        | 1 |  1.3
Armour         | |  2.5

Action                     |  1- 3 |  4- 6 || total
---------------------------+-------+-------++-------
  Melee: Hand axe          |    64 |    66 ||   130
 Invoke: Berserk           |     1 |     2 ||     3
         Trog's Hand       |       |     1 ||     1
    Use: Potion            |       |     1 ||     1
   Stab: Sleeping          |     1 |       ||     1
 Armour: Animal skin       |    38 |       ||    38
         Chain mail        |       |    73 ||    73
  Dodge: Dodged            |    59 |    38 ||    97

Table legend: (Time is in decaauts)
 A = Elapsed time spent in this place.
 B = Non-inter-level travel time spent in this place.
 C = Inter-level travel time spent in this place.
 D = Time resting spent in this place.
 E = Time spent auto-exploring this place.
 F = Levels seen in this place.
 G = Mean time per level.
                   A        B        C        D        E       F      G
               +--------+--------+--------+--------+--------+-----+--------+
         Total |   1488 |   1433 |     55 |      0 |   1001 |   3 |  496.0 |
       Dungeon |   1488 |   1433 |     55 |      0 |   1001 |   3 |  496.0 |
               +--------+--------+--------+--------+--------+-----+--------+

Top non-repeatable levels by time:
     D:1: 712 daAuts
     D:2: 642 daAuts
     D:3: 133 daAuts
